 Dungeon Crawl Stone Soup version 0.21.1-1-g345015f (webtiles) character file.

56 microfolk the Caller (level 3, 0/21 HPs)
             Began as a Tengu Summoner on June 5, 2018.
             Slain by Natasha (5 damage)
             ... on level 2 of the Dungeon.
             The game lasted 00:06:11 (2135 turns).

microfolk the Caller (Tengu Summoner)               Turns: 2135, Time: 00:06:12

Health: 0/21       AC:  2    Str:  8    XL:     3   Next: 95%
Magic:  0/7        EV: 13    Int: 16    God:
Gold:   116        SH:  0    Dex: 14    Spells: 0/6 levels left

rFire    . . .     SeeInvis .   a - +0 dagger
rCold    . . .     Gourm    .   (no shield)
rNeg     . . .     Faith    .   e - +0 robe
rPois    .         Spirit   .   (helmet restricted)
rElec    .         Reflect  .   (no cloak)
rCorr    .         Harm     .   (no gloves)
MR       .....                  (boots unavailable)
Stlth    ++........             (no amulet)
HPRegen  0.07/turn              (no ring)
MPRegen  0.10/turn              (no ring)

@: no status effects
A: beak, talons 3
a: no special abilities


You were on level 2 of the Dungeon.
You were hungry.

You visited 1 branch of the dungeon, and saw 2 of its levels.

You collected 116 gold pieces.

Inventory:

Hand Weapons
 a - a +0 dagger (weapon)
 d - a +2 hunting sling of flaming
 p - a cursed -2 short sword
Missiles
 g - 129 stones (quivered)
 n - 8 poisoned needles
Armour
 e - a +0 robe (worn)
 m - a +0 ring mail
 o - a +0 leather armour
Jewellery
 l - an uncursed ring of wizardry {unknown}
 s - a +2 ring of strength {unknown}
Scrolls
 f - a scroll of immolation {unknown}
 h - a scroll of random uselessness {unknown}
 k - a scroll of remove curse {unknown}
Potions
 i - a potion of ambrosia
 j - a potion of curing {@q1}
 q - a potion of resistance {unknown}
 r - a potion of haste {unknown}
Books
 b - a book of Callings

   Spells                             Type                      Level
   a - Summon Small Mammal            Summoning                    1
   b - Call Imp                       Summoning                    2
   c - Call Canine Familiar           Summoning                    3
   d - Summon Guardian Golem          Hexes/Summoning              3
   e - Summon Lightning Spire         Summoning/Air                4
   f - Summon Ice Beast               Ice/Summoning                4
Comestibles
 c - 2 rations


   Skills:
 + Level 1.7 Fighting
 + Level 3.1 Dodging
 - Level 2.0 Stealth
 - Level 2.0 Spellcasting
 + Level 5.4 Summonings


You couldn't memorise any spells.
You knew the following spells:

 Your Spells              Type           Power        Failure   Level  Hunger
a - Summon Small Mammal   Summ           ###.         2%          1    #......
b - Call Imp              Summ           ###.....     3%          2    ###....
c - Call Canine Familiar  Summ           ###.....     7%          3    ###....


Dungeon Overview and Level Annotations

Branches:
Dungeon (2/15)

Altars:
Xom

Annotations:
D:2 Natasha


Innate Abilities, Weirdness & Mutations

You have a beak for a mouth.
You have claws for feet.


Message History

Your crimson imp dies!
Your crimson imp blinks!
Natasha claws your crimson imp.
Your crimson imp barely misses Natasha.
Natasha barely misses your crimson imp.
Your crimson imp barely misses Natasha.
Natasha barely misses your crimson imp.
Your crimson imp hits Natasha.
You are feeling hungry.
Natasha stares at you and mumbles some strange words.
Your crimson imp seems to slow down.
Your crimson imp hits Natasha but does no damage.
Natasha wildly gestures.
Natasha shimmers violently.
Your crimson imp hits Natasha.
Natasha closely misses you.
Natasha extends her claws.
Natasha misses you.
Your crimson imp hits Natasha.
Natasha claws you!
* * * LOW HITPOINT WARNING * * *
Casting: Call Imp
Confirm with . or Enter, or press ? or * to list all spells.
Natasha claws you.
You die...

......#.....###≈≈...♣
......#.....##≈≈....♣
......+....##≈≈..[..♣
#######....#≈≈......♣
...........#≈.5b...♣
.....###...#≈.....♣
.....# #...'..♣♣♣♣♣
.....# #..>'..♣♣♣♣♣♣♣
.....# #...#≈...@.♣.♣
...§.# #...#≈...5hr♣♣
###... #...#≈≈......♣
# #...##≈≈.....♣ #
###..##≈≈....♣ # ...
##≈≈...♣ +
##≈≈..)...≈≈#
##≈≈≈≈≈≈≈≈##
##########


You could see Natasha, a friendly crimson imp and a friendly rat.

Vanquished Creatures (collateral kills)
  Natasha (D:2)
  An adder (D:2)
  An ooze (D:2)
  A worm (D:2)
  2 dart slugs
  A leopard gecko (D:1)
  3 ball pythons (D:1)
  3 giant cockroaches
  12 goblins
  7 hobgoblins
  2 jackals (D:1)
  6 kobolds (D:1)
  4 bats
  5 rats
49 creatures vanquished.

Notes
Turn   | Place    | Note
-------+----------+-------------------------------------------
     0 | D:1      | microfolk the Tengu Summoner began the quest for the Orb.
     0 | D:1      | Reached XP level 1. HP: 10/10 MP: 4/4
   270 | D:1      | Reached skill level 5 in Summonings
   284 | D:1      | Reached XP level 2. HP: 16/16 MP: 3/6
   290 | D:1      | Learned a level 2 spell: Call Imp
   732 | D:1      | Reached skill level 1 in Fighting
  1197 | D:1      | Reached XP level 3. HP: 20/20 MP: 2/7
  1202 | D:1      | Learned a level 3 spell: Call Canine Familiar
  1349 | D:2      | Found a shimmering altar of Xom.
  1943 | D:2      | Noticed Natasha
  1966 | D:2      | Killed Natasha
  2090 | D:2      | Noticed Natasha
  2135 | D:2      | Slain by Natasha

Skill      XL: |  1  2  3 |
---------------+----------+-----
Summonings     | 5 |  5.4
Fighting       | 1 |  1.7
Dodging        | 3 |  3.1
Stealth        | |  2.0
Spellcasting   | |  2.0

Action                   || total
-------------------------++-------
Throw: Stone             ||     1
 Cast: Summon Small Mamm ||    49
       Call Imp          ||    28
  Use: Scroll            ||     2
  Eat: Chunk             ||     6
Armor: Robe              ||     5
Dodge: Dodged            ||     8
